 Dungeon Crawl Stone Soup version 0.22-a0-367-gb72a975 (webtiles) character file.

114625 Serpenta the Severer (level 16, -12/126 HPs)
             Began as a Mummy Chaos Knight on Apr 22, 2018.
             Mangled by Mara (21 damage)
             ... on level 3 of the Spider Nest.
             The game lasted 01:37:08 (34615 turns).

Serpenta the Severer (Mummy Chaos Knight)          Turns: 34615, Time: 01:37:09

Health: -12/126    AC: 18    Str: 19 (20) XL:     16   Next: 16%
Magic:  20/20      EV: 10    Int: 12 (13) God:    Xom [...*..]
Gold:   2584       SH:  0    Dex: 12      Spells: 14/15 levels left

rFire    + . .     SeeInvis .   a - +4 battleaxe (freeze)
rCold    + . .     Gourm    .   (shield currently unavailable)
rNeg     + + +     Faith    .   h - +2 chain mail {rF+}
rPois    ∞         Spirit   .   (no helmet)
rElec    .         Reflect  .   w - scarf {cloud immunity}
rCorr    .         Harm     .   L - +0 pair of gloves (curse)
MR       ++...                  r - +2 pair of boots
Stlth    ..........             i - amulet of regeneration
HPRegen  0.71/turn              z - ring of protection from fire
MPRegen  0.17/turn              G - +2 ring of evasion

@: no status effects
A: no food or potions, fire vulnerability, cold resistance 1, negative energy
resistance 3, torment resistance, unbreathing, in touch with death 1
a: Renounce Religion


You were on level 3 of the Spider Nest.
You worshipped Xom.
You were a favourite toy of Xom.
You were not hungry.

You visited 4 branches of the dungeon, and saw 26 of its levels.
You also visited: Ice Cave and Volcano.

You collected 3108 gold pieces.
You spent 524 gold pieces at shops.


Innate Abilities, Weirdness & Mutations

You do not eat or drink.
Your flesh is vulnerable to fire.
You are immune to poison.
Your flesh is cold resistant. (rC+)
You are immune to negative energy. (rN+++)
You are immune to unholy pain and torment.
You can survive without breathing.
You are in touch with the powers of death.


   Skills:
 - Level 11.5 Fighting
 + Level 18.8 Axes
 + Level 10.1 Armour
 - Level 0.7 Dodging
 - Level 6.0 Evocations


You had 14 spell levels left.
You knew the following spells:

 Your Spells              Type           Power        Failure   Level  Hunger
a - Apportation           Tloc           #.....       95%         1    N/A

Action                   |  1- 3 |  4- 6 |  7- 9 | 10-12 | 13-15 | 16-18 || total
-------------------------+-------+-------+-------+-------+-------+-------++-------
Melee: Hand axe          |   128 |   129 |       |       |       |       ||   257
       War axe           |       |     8 |   568 |  1207 |   302 |       ||  2085
       Battleaxe         |       |       |       |       |  1425 |   179 ||  1604
Throw: Javelin           |       |       |       |     4 |     5 |       ||     9
Evoke: Wand              |       |     3 |     8 |    54 |    77 |     5 ||   147
       Phial of floods   |       |       |       |     1 |     3 |       ||     4
       Fan of gales      |       |       |       |       |     1 |       ||     1
  Use: Scroll            |     2 |       |    10 |     8 |    15 |     3 ||    38
 Stab: Sleeping          |     1 |       |       |       |     1 |       ||     2
       Paralysed         |       |     1 |       |    30 |       |     1 ||    32
       Confused          |       |       |     1 |     6 |     9 |       ||    16
       Petrified         |       |       |     5 |       |    14 |       ||    19
       Distracted        |       |       |       |     2 |     4 |       ||     6
Armor: Leather armour    |    36 |       |       |       |       |       ||    36
       Chain mail        |    26 |    84 |   382 |       |   221 |    71 ||   784
       Ring mail         |       |       |       |   581 |   182 |    10 ||   773
       Plate armour      |       |       |       |       |   751 |    16 ||   767
Dodge: Dodged            |    40 |     8 |    52 |   243 |   753 |   105 ||  1201
Block: Large shield      |    63 |    68 |   361 |   651 |   161 |       ||  1304

Inventory:

Hand Weapons
 a - a +4 battleaxe of freezing (weapon)
 m - a +2 battleaxe of electrocution
 B - a +2 hand axe of flaming
Missiles
 y - 3 javelins of penetration (quivered) {god gift}
 H - 3 javelins of returning {god gift}
Armour
 d - a +3 plate armour of poison resistance
 h - a +2 chain mail of fire resistance (worn)
 r - a +2 pair of boots (worn)
 s - the +5 ring mail "Vyokyacw" {rElec rC+ SInv}
   (You found it on level 8 of the Dungeon)

   It protects you from cold.
   It insulates you from electricity.
   It lets you see invisible.
 w - a scarf of cloud immunity (worn)
 L - a cursed +0 pair of gloves (worn)
Jewellery
 e - an uncursed ring of flight
 f - an uncursed ring of protection from cold
 i - an amulet of regeneration (around neck)
 o - an uncursed ring of teleportation
 u - an uncursed amulet of the acrobat
 x - a +3 ring of intelligence
 z - a ring of protection from fire (left hand)
 G - a +2 ring of evasion (right hand)
 I - an uncursed ring of wizardry
 M - a cursed ring of loudness {god gift, unknown}
Wands
 j - a wand of enslavement (5)
 q - a wand of clouds (22)
 F - a wand of flame (62)
 J - a wand of digging (7)
 K - a wand of iceblast (4)
Scrolls
 b - 2 scrolls of enchant armour
 c - 6 scrolls of amnesia
 k - 8 scrolls of identify
 l - 2 scrolls of teleportation
 n - a scroll of silence
 p - a scroll of immolation
 A - 2 scrolls of magic mapping
 C - 9 scrolls of remove curse
 D - 4 scrolls of fog
 E - a scroll of vulnerability
Miscellaneous
 g - a sack of spiders {god gift}
 t - a fan of gales (inert)
 v - a phial of floods

#_..^........#####.#..##
..#.##...##.###.#....##
#%..#....#####.##.#.#######
..#....>## *#.###....^##..#
#.....^##
*#.#*#...^...^..## ....#..#
##.#* #....#...#.^#
...^#.§###.## ##..#....^.##
.#..§§§§#.#)## #.^...#...##
.#...§§§§###§###@#......##
.....§#§§# ##.RRR.b.#..##
....#§.§§#* ##....##...#
#.....##..#* ##.b......#
##..#.#....# #.....#^.#***
.!..#.#..#.# ##..^.#....^*
.^#.......## ####.......#
......(..#* ##.#....#*
.........#* **** ##..#...#
****


You could see 3 Maras.

Vanquished Creatures
  Rupert (Orc:1)
  Kirke (D:12)
  A frost giant (IceCv)
  2 ghost moths (Spider:3)
  2 entropy weavers
  A dire elephant (Lair:6)
  A spark wasp (Spider:2)
  An ettin (D:13)
  A yaktaur captain (D:15)
  5 hydras
  2 centaur warriors (D:15)
  3 catoblepae (Lair:6)
  6 two-headed ogres
  An orc high priest (Orc:1)
  8 death yaks
  Urug (D:10)
  2 ogre magi (Orc:2)
  A queen ant (Lair:5)
  A tengu warrior (D:13)
  Nergalle (Orc:2)
  A fire crab (Lair:6)
  3 unseen horrors
  A wizard (D:14)
  A phantasmal warrior (D:14)
  Pikel (D:4)
  3 orc knights (Orc:1)
  A lindwurm (Spider:1)
  2 deep elf magi
  8 orb spiders
  A mana viper (Volcano)
  A salamander (Spider:3)
  9 orc sorcerers (Orc:2)
  3 manticores
  13 wolf spiders
  A cyclops (D:13)
  3 moths of wrath (Spider:3)
  5 elephants (Lair:6)
  4 black mambas
  2 gargoyles
  6 spiny frogs
  A molten gargoyle (Volcano)
  6 rime drakes
  A torpor snail (shapeshifter) (D:14)
  2 freezing wraiths
  7 demonic crawlers
  2 yaktaurs
  A tengu conjurer (D:13)
  2 komodo dragons
  6 trolls
  5 blink frogs
  16 polar bears
  15 jumping spiders
  8 hippogriffs
  3 hornets
  Prince Ribbit (D:7)
  5 slime creatures (D:14)
  A snapping turtle (Lair:2)
  A vampire (D:11)
  4 wraiths
  19 redbacks
  2 shadows
  43 yaks
  A yak (shapeshifter) (D:9)
  24 tarantellas
  2 wyverns
  A human (D:7)
  8 fire bats
  6 hogs
  2 hungry ghosts
  5 vampire mosquitoes
  3 steam dragons
  2 acid dragons (D:14)
  Edmund (D:6)
  5 wargs
  An acid dragon (shapeshifter) (IceCv)
  2 soldier ants
  4 porcupines
  4 hell hounds (Volcano)
  A floating eye (Spider:2)
  15 water moccasins
  Duvessa (D:4)
  22 orc warriors
  An eye of draining (D:11)
  A hornet zombie (D:6)
  5 sky beasts
  A black bear (D:9)
  An ice beast (D:11)
  5 ogres
  A necrophage (D:10)
  4 phantoms
  19 wolves
  A boggart (D:7)
  6 centaurs
  12 crocodiles
  2 big kobolds (D:12)
  21 bullfrogs
  A gnoll sergeant (D:12)
  Dowan (D:4)
  2 scorpions
  10 killer bees
  8 wights
  A howler monkey (D:8)
  An electric eel (Lair:4)
  7 lava snakes (Volcano)
  8 crimson imps
  5 centaur zombies
  A quasit (D:6)
  9 hounds
  19 orc priests
  A jelly (Lair:6)
  37 orc wizards
  A bullfrog skeleton (D:6)
  3 centaur skeletons
  3 iguanas
  Natasha (D:4)
  14 worker ants
  A hound zombie (D:6)
  A hound skeleton (D:8)
  A howler monkey zombie (D:5)
  3 worker ant zombies
  6 gnolls
  10 adders
  A shadow imp (D:8)
  2 oozes (D:5)
  2 adder zombies
  2 adder skeletons
  5 worms
  A dart slug (D:4)
  4 leopard geckos
  86 orcs
  2 ball pythons (D:3)
  8 bats
  9 giant cockroaches
  6 goblins
  7 hobgoblins
  5 jackals
  3 quokkas
  2 frilled lizards
  A jackal zombie (D:6)
  15 kobolds
  A leopard gecko skeleton (D:6)
  4 rats
  A fungus (Lair:3)
774 creatures vanquished.

Vanquished Creatures (collateral kills)
  Josephine (D:11)
  2 two-headed ogres
  A death knight (D:14)
  An orb spider (Spider:3)
  An elephant (Lair:6)
  A black mamba (Lair:3)
  A spiny frog (Lair:2)
  A komodo dragon (Lair:3)
  5 blink frogs
  A polar bear (Lair:5)
  2 wraiths (D:11)
  7 yaks
  3 tarantellas
  A hog (D:7)
  2 porcupines
  A water moccasin (Lair:6)
  4 orc warriors
  An ogre (D:4)
  2 orc priests (D:11)
  2 orc wizards (D:11)
  A worker ant (D:11)
  2 orcs (Orc:1)
43 creatures vanquished.

Vanquished Creatures (others)
  A dancing weapon (D:4)
  A hell hog (Volcano)
  A rime drake (Lair:6)
  2 polar bears (IceCv)
  A redback (Spider:1)
  A slave (D:4)
  A sky beast (D:9)
  An ogre (D:4)
  An orc priest (D:4)
  Natasha (twice) (D:4)
  An adder (D:4)
  A dart slug (D:4)
  3 orcs (D:4)
  A fire vortex (D:14)
  8 fungi
  8 plants
34 creatures vanquished.

Grand Total: 851 creatures vanquished

Vault maps used:
D:1:      matt_arrival_spirals
D:2:      nicolae_overflow_hidden_temple
D:4:      nicolae_overflow_crystal_walls, uniq_pikel, uniq_natasha, uniq_duvessa
D:5:      minmay_temple_entry_enclosed_plants, first_ration, grunt_ministairs_4
D:6:      minmay_diamond_boxcup, minmay_misc_feat_ornament, uniq_edmund
D:7:      grunt_livestock
D:8:      minmay_the_grid_plus, lemuel_crystal_altar,
          wad_floor_pattern_untrapped, uniq_prince_ribbit1
D:9:      orc_0_dummy, serial_shops, nicolae_shop_competitors_out_of_business,
          uniq_joseph
D:11:     uniq_josephine, uniq_urug
D:12:     uniq_kirke
D:13:     david_vaults_4
D:14:     basic_altar, minivault_19
D:15:     grunt_enter_depths_snipers, hex_tiny
Lair:1:   beast_lair_carwin_3, minmay_lair_oklob_chamber
Lair:2:   minmay_shoals_entry_hut, grunt_megastairs_4,
          infiniplex_staircase_pool_2
Lair:3:   nicolae_spider_entry_non_spiders, grunt_megastairs_3
Lair:4:   nicolae_volcano_entry_batcave, lemuel_fruit_fields
Lair:5:   dpeg_slime_entry_enclosed_altar, cheibrodos_lair_lostbears,
          grunt_megastairs_2
Lair:6:   evilmike_catoblepas_cave, nicolae_quartered_pool_little
Spider:2: nicolae_orb_stairs
Spider:3: nicolae_spider_cling_ruins, uniq_mara
Orc:1:    basic_altar, portal_ice_cave_rime, serial_shops,
          nicolae_shop_waterfront, nicolae_shop_stone, nicolae_shop_waterfront,
          nicolae_shop_waterfront, shop, special_room
Orc:2:    kennysheep_orc_mage_school, david_defended_altar_orc, uniq_rupert
IceCv:    ice_cave_caverns_03
Volcano:  volcano_grotto


Message History

Mara shimmers and seems to become three!
You closely miss Mara.
Mara is heavily wounded.
You slash Mara! You freeze Mara. Mara hits you. Mara hits you!! x2
You hit Mara. You freeze Mara.
Mara is heavily wounded.
You slice Mara!! You freeze Mara!
Mara says, "I mislead the hearts of men!"
Mara gestures at you. The bolt of fire misses you.
Mara blinks!
Mara gestures at you. The bolt of fire hits you! You resist.
* * * LOW HITPOINT WARNING * * *
A shower of butterflies erupts from you!
The bolt of fire hits your butterfly.
Your butterfly dies!
Mara says, "Difficult is the way of exertion, difficult to pass, difficult to enter upon."
Mara hits you!!
You die...
Xom bursts into laughter!

Notes
Turn   | Place    | Note
-------+----------+-------------------------------------------
     0 | D:1      | Serpenta the Mummy Chaos Knight began the quest for the Orb.
     0 | D:1      | Reached XP level 1. HP: 18/18 MP: 1/1
   193 | D:1      | Reached skill level 3 in Axes
   193 | D:1      | Reached XP level 2. HP: 24/24 MP: 2/2
   751 | D:2      | Found a shadowy altar of Dithmenos.
   751 | D:2      | Found a sacrificial altar of Ru.
   823 | D:2      | XOM: divination: magic mapping
   838 | D:2      | Reached XP level 3. HP: 23/29 MP: 3/3
   884 | D:2      | XOM: scenery: 1 doors close
  1381 | D:2      | XOM: harmless Summ miscast
  1415 | D:3      | XOM: harmless Air miscast
  1690 | D:3      | Reached skill level 4 in Axes
  1811 | D:3      | Reached XP level 4. HP: 33/35 MP: 4/4
  2045 | D:3      | XOM: harmless Fire miscast
  2297 | D:4      | Reached XP level 5. HP: 41/41 MP: 5/5
  2363 | D:4      | Noticed a slave
  2363 | D:4      | XOM: swap monsters
  2364 | D:4      | Noticed Pikel
  2364 | D:4      | Noticed a slave
  2364 | D:4      | Noticed a slave
  2364 | D:4      | Noticed a slave
  2369 | D:4      | XOM: blink monster(s)
  2372 | D:4      | XOM: scenery: create altars
  2391 | D:4      | Killed Pikel
  2391 | D:4      | Reached skill level 6 in Axes
  2391 | D:4      | Reached XP level 6. HP: 47/47 MP: 6/6
  2552 | D:4      | Noticed Natasha
  2561 | D:4      | Killed Natasha
  2628 | D:4      | Killed a freed slave
  2630 | D:4      | Killed Natasha
  2754 | D:4      | Killed Natasha
  2896 | D:4      | Reached XP level 7. HP: 41/52 MP: 7/7
  2955 | D:4      | Noticed Duvessa
  2967 | D:4      | XOM: cleaving
  2977 | D:4      | Noticed Dowan
  2977 | D:4      | XOM: swap monsters
  2981 | D:4      | Killed Duvessa
  2981 | D:4      | Reached skill level 7 in Axes
  3002 | D:4      | XOM: potion effect (might)
  3007 | D:4      | Killed Dowan
  3105 | D:4      | XOM: confuse monster(s)
  3159 | D:4      | Found a glowing golden altar of the Shining One.
  3190 | D:4      | XOM: 10-stop teleportation journey
  3354 | D:4      | XOM: scenery: create altars
  3397 | D:5      | Entered Level 5 of the Dungeon
  3417 | D:5      | XOM: harmless Necr miscast
  3489 | D:5      | XOM: divination: detect creatures
  3526 | D:5      | XOM: blink monster(s)
  3600 | D:5      | XOM: smoke on damage
  3704 | D:5      | Reached XP level 8. HP: 58/58 MP: 8/8
  3733 | D:5      | XOM: divination: magic mapping
  3944 | D:5      | Found a staircase to the Ecumenical Temple.
  4241 | D:6      | XOM: cast spell 'Summon Small Mammal'
  4357 | D:6      | XOM: enchant monster (bad)
  4400 | D:6      | Reached skill level 8 in Axes
  4471 | D:6      | XOM: enchant monster (good)
  4700 | D:6      | XOM: 1-stop teleportation journey
  5047 | D:6      | Noticed Edmund
  5073 | D:6      | XOM: harmless Necr miscast
  5127 | D:6      | Killed Edmund
  5262 | D:7      | Reached skill level 5 in Fighting
  5327 | D:6      | Reached XP level 9. HP: 41/68 MP: 9/9
  5328 | D:6      | Reached skill level 9 in Axes
  5654 | D:7      | XOM: enchant monster (bad)
  5667 | D:7      | XOM: cast spell 'Call Canine Familiar'
  5672 | D:6      | XOM: cloud trail
  5813 | D:7      | XOM: cleaving
  5926 | D:7      | XOM: divination: magic mapping
  5929 | D:7      | XOM: enchant monster (good)
  5987 | D:7      | XOM: cleaving
  6070 | D:7      | Reached skill level 10 in Axes
  6236 | D:8      | Noticed Prince Ribbit
  6244 | D:7      | Killed Prince Ribbit
  6413 | D:8      | XOM: summons 4 hostile demons
  6414 | D:8      | Noticed a sixfirhy
  6414 | D:8      | Noticed a rust devil
  6448 | D:8      | XOM: medium Hex miscast
  6682 | D:8      | Found an opulent altar of Gozag.
  6765 | D:8      | Reached XP level 10. HP: 78/79 MP: 10/10
  6770 | D:8      | Found a staircase to the Lair.
  6783 | D:8      | Got a smelly ring mail
  6794 | D:8      | Identified the +5 ring mail "Vyokyacw" {rElec rC+ SInv} (You found it on level 8 of the Dungeon)
  6835 | D:8      | XOM: harmless Chrm miscast
  6843 | D:8      | Noticed a deep elf mage
  6844 | D:8      | Learned a level 1 spell: Apportation
  6846 | D:8      | XOM: enchant monster (good)
  6848 | D:8      | Killed a deep elf mage
  7008 | D:8      | Got a distressingly furry leather armour
  7013 | D:8      | Identified the +3 leather armour "Lucs" {rPois Str+4 Dex-2} (You found it on level 8 of the Dungeon)
  7234 | D:8      | XOM: mild Hex miscast
  7464 | D:8      | Reached skill level 11 in Axes
  7481 | D:8      | XOM: harmless Erth miscast
  7495 | D:8      | XOM: enchant monster (bad)
  7512 | D:8      | XOM: confusion
  7538 | D:8      | XOM: enchant monster (bad)
  7637 | D:8      | XOM: confusion
  7963 | D:9      | XOM: harmless Tloc miscast
  8102 | D:9      | Noticed Joseph
  8156 | D:9      | XOM: cast spell 'Death Channel'
  8173 | D:9      | XOM: swap monsters
  8189 | D:9      | XOM: repel stairs
  8195 | D:9      | XOM: noise
  8253 | D:9      | Reached skill level 1 in Evocations
  8292 | D:9      | XOM: noise
  8428 | D:9      | Found Syibastiado's Assorted Antiques.
  8431 | D:9      | Bought a scroll of teleportation for 78 gold pieces
  8431 | D:9      | Bought a scroll of teleportation for 78 gold pieces
  8431 | D:9      | Bought a silver wand for 104 gold pieces
  8555 | D:9      | Found a staircase to the Orcish Mines.
  8638 | D:9      | XOM: swap monsters
  8645 | D:9      | Noticed Joseph
  8645 | D:9      | Joseph changed into Joseph the shapeshifter
  8646 | D:9      | Noticed Joseph
  8646 | D:9      | Joseph the shapeshifter changed into Joseph the spriggan
  8648 | D:9      | Noticed Joseph
  8648 | D:9      | Joseph the spriggan changed into Joseph the yak
  8654 | D:9      | Killed Joseph the yak
  8802 | D:9      | XOM: god gift: 3 javelins of penetration {god gift}
  8926 | D:9      | XOM: summons 2 hostile demons
  9003 | D:9      | XOM: confuse monster(s)
  9088 | D:10     | Entered Level 10 of the Dungeon
  9104 | D:9      | Reached skill level 12 in Axes
  9356 | D:10     | XOM: harmless Air miscast
  9377 | D:10     | Reached XP level 11. HP: 80/86 MP: 13/13
  9439 | D:10     | XOM: divination: detect creatures
  9920 | D:11     | XOM: 1-stop teleportation journey
  9937 | D:11     | XOM: cast spell 'Monstrous Menagerie'
 10325 | D:11     | Noticed Urug
 10343 | D:10     | Killed Urug
 10343 | D:10     | Reached skill level 5 in Armour
 10400 | D:11     | Noticed Josephine
 10510 | D:11     | Noticed a two-headed ogre
 10515 | D:11     | XOM: divination: detect items
 10527 | D:11     | Killed a two-headed ogre
 10583 | D:11     | Killed Josephine
 10728 | D:11     | XOM: snakes to sticks
 10843 | D:12     | Noticed Kirke
 11012 | D:12     | Noticed a two-headed ogre
 11027 | D:12     | Killed a two-headed ogre
 11035 | D:12     | XOM: god gift: 56 gold pieces {god gift}
 11132 | D:12     | XOM: scenery: create altars
 11139 | D:12     | XOM: fake destruction
 11200 | D:12     | XOM: cleaving
 11221 | D:12     | Killed Kirke
 11384 | D:12     | Noticed an unseen horror
 11384 | D:12     | XOM: scenery: create altars
 11385 | D:12     | XOM: scenery: create altars
 11575 | D:12     | Reached XP level 12. HP: 89/92 MP: 15/15
 11883 | D:12     | Reached skill level 13 in Axes
 11935 | D:13     | Noticed a tengu warrior
 11969 | D:13     | Killed a tengu warrior
 12277 | D:9      | XOM: harmless Pois miscast
 12321 | Lair:1   | Entered Level 1 of the Lair of Beasts
 12548 | Lair:1   | XOM: scenery: 1 doors open
 12549 | Lair:1   | XOM: cleaving
 12555 | Lair:1   | XOM: cast spell 'Cause Fear'
 12591 | Lair:1   | XOM: divination: detect creatures
 12635 | Lair:1   | XOM: summons 2 friendly demons
 12946 | Lair:1   | XOM: divination: magic mapping
 12978 | Lair:1   | XOM: smoke on damage
 13232 | Lair:1   | XOM: 5-stop teleportation journey
 13297 | Lair:1   | XOM: scenery: create altars
 13451 | Lair:2   | Noticed a four-headed hydra
 13455 | Lair:1   | XOM: scenery: 2 doors open, 1 doors close
 13615 | Lair:2   | Killed a four-headed hydra
 13615 | Lair:2   | Reached skill level 5 in Evocations
 13625 | Lair:2   | XOM: confuse monster(s)
 13663 | Lair:2   | XOM: summons 12 friendly demons
 13913 | Lair:2   | XOM: 1-stop teleportation journey
 14277 | Lair:3   | XOM: cloud trail
 14476 | Lair:3   | XOM: confusion (+ monsters)
 14496 | Lair:3   | XOM: summons friendly ice devil
 14967 | Lair:3   | Found a hole to the Spider Nest.
 15205 | Lair:3   | Reached skill level 14 in Axes
 15232 | Lair:3   | Noticed a six-headed hydra
 15237 | Lair:3   | XOM: blink monster(s)
 15248 | Lair:3   | Killed a six-headed hydra
 15628 | Lair:4   | Found a dark tunnel.
 15637 | Volcano  | Entered a volcano
 15688 | Volcano  | XOM: noise
 15749 | Volcano  | XOM: mild Erth miscast
 15784 | Volcano  | Gained mutation: You are in touch with the powers of death. [Mummy growth]
 15784 | Volcano  | Reached XP level 13. HP: 99/99 MP: 17/17
 15814 | Volcano  | XOM: 2-stop teleportation journey
 15898 | Volcano  | Found a radiant altar of Vehumet.
 16055 | Volcano  | XOM: polymorph fire crab -> mana viper
 16056 | Volcano  | XOM: harmless Ice miscast
 16355 | Lair:4   | XOM: smoke on damage
 16720 | Lair:4   | XOM: 9-stop teleportation journey
 16739 | Lair:4   | XOM: confusion (+ monsters)
 17322 | Lair:5   | XOM: cloud trail
 17340 | Lair:5   | XOM: 2-stop teleportation journey
 17374 | Lair:5   | XOM: 1-stop teleportation journey
 17379 | Lair:5   | XOM: enchant monster (good)
 17402 | Lair:5   | XOM: divination: detect creatures
 17424 | Lair:5   | Reached skill level 10 in Fighting
 17648 | Lair:5   | XOM: cast spell 'Summon Hydra'
 17829 | Lair:5   | Found a viscous altar of Jiyva.
 17830 | Lair:5   | Found a staircase to the Slime Pits.
 18128 | Lair:6   | Entered Level 6 of the Lair of Beasts
 18155 | Lair:6   | XOM: scenery: create altars
 18158 | Lair:6   | Noticed a dire elephant
 18161 | Lair:6   | XOM: summons 2 hostile shadow creatures
 18173 | Lair:5   | XOM: medium Necr miscast
 18238 | Lair:6   | XOM: 1-stop teleportation journey
 18241 | Lair:6   | XOM: summons 8 friendly demons
 18257 | Lair:6   | XOM: smoke on damage
 18288 | Lair:6   | XOM: cast spell 'Monstrous Menagerie'
 18292 | Lair:6   | XOM: harmless Conj miscast
 18398 | Lair:6   | XOM: harmless Air miscast
 18769 | Lair:6   | XOM: potion effect (haste)
 18863 | Lair:6   | XOM: silly message
 18869 | Lair:5   | XOM: harmless Necr miscast
 19049 | Lair:6   | XOM: scenery: create altars
 19059 | Lair:6   | XOM: potion effect (curing)
 19062 | Lair:6   | Reached skill level 15 in Axes
 19198 | Lair:6   | XOM: 3-stop teleportation journey
 19312 | Lair:6   | XOM: 1-stop teleportation journey
 19348 | Lair:6   | XOM: enchant monster (bad)
 19349 | Lair:6   | XOM: summons friendly ufetubus
 19358 | Lair:6   | Killed a dire elephant
 19473 | Lair:6   | XOM: enchant monster (good)
 19503 | Lair:6   | XOM: summons friendly white imp
 19509 | Lair:6   | XOM: summons friendly white imp
 19522 | Lair:6   | XOM: potion effect (might)
 19607 | Lair:6   | XOM: swap monsters
 19724 | Lair:6   | XOM: harmless Summ miscast
 19738 | Lair:6   | XOM: confusion (+ monsters)
 19765 | Lair:6   | XOM: harmless Erth miscast
 20063 | Lair:6   | XOM: cloud trail
 20229 | Lair:5   | XOM: noise
 20234 | Lair:5   | XOM: polymorph death yak -> queen ant
 20249 | Lair:5   | XOM: divination: detect items
 20386 | Lair:6   | XOM: summons friendly quasit
 20919 | Lair:6   | XOM: summons friendly ufetubus
 20931 | Lair:6   | XOM: potion effect (haste)
 20940 | Lair:6   | Reached XP level 14. HP: 88/110 MP: 18/18
 21010 | Lair:6   | XOM: harmless Erth miscast
 21066 | Lair:6   | XOM: smoke on damage
 21069 | Lair:6   | Reached skill level 16 in Axes
 21247 | Lair:5   | XOM: harmless Hex miscast
 21362 | Lair:6   | XOM: cast spell 'Shadow Creatures'
 21383 | Lair:6   | XOM: enchant monster (bad)
 21829 | Lair:6   | Identified the Guide on Boosts
 21831 | Lair:6   | XOM: cloud trail
 21972 | Lair:2   | Found a staircase to the Shoals.
 22112 | Lair:2   | XOM: cloud trail
 22175 | D:8      | XOM: summons 7 hostile demons
 22233 | Orc:1    | Entered Level 1 of the Orcish Mines
 22269 | Orc:1    | XOM: medium Air miscast
 22281 | D:9      | XOM: scenery: create altars
 22396 | Orc:1    | XOM: enchant monster (good)
 22414 | Orc:1    | Found a frozen archway.
 22420 | IceCv    | Entered an ice cave
 22656 | IceCv    | XOM: blink monster(s)
 22839 | IceCv    | XOM: mild Hex miscast
 22882 | IceCv    | XOM: potion effect (brilliance)
 22883 | IceCv    | XOM: polymorph yak -> black mamba
 22887 | IceCv    | XOM: scenery: create altars
 22924 | IceCv    | XOM: scenery: create altars
 23121 | IceCv    | XOM: harmless Conj miscast
 23150 | IceCv    | XOM: polymorph yak -> wind drake
 23277 | IceCv    | Noticed a frost giant
 23487 | IceCv    | Killed a frost giant
 23490 | IceCv    | XOM: scenery: create altars
 23752 | Orc:1    | Found Uruofud's Assorted Antiques.
 23772 | Orc:1    | XOM: cast spell 'Shadow Creatures'
 23789 | Orc:1    | Found Puekoxiv's Distillery.
 23796 | Orc:1    | Found Omnixzoik's Book Boutique.
 23806 | Orc:1    | XOM: divination: magic mapping
 23869 | Orc:1    | Found Ypsymoik's Armour Boutique.
 23871 | Orc:1    | XOM: mild Air miscast
 23903 | Orc:1    | Found a radiant altar of Vehumet.
 24119 | Orc:1    | XOM: confuse monster(s)
 24143 | Orc:1    | XOM: confuse monster(s)
 24257 | Orc:1    | XOM: smoke on damage
 24403 | Orc:1    | XOM: god gift: 23 gold pieces {god gift}
 24581 | Orc:1    | Found Gunossiy's Distillery.
 24635 | Orc:1    | XOM: scenery: create altars
 24730 | Orc:2    | Entered Level 2 of the Orcish Mines
 24791 | Orc:2    | Noticed Rupert
 24829 | Orc:2    | XOM: cast spell 'Alistair's Intoxication'
 24912 | Orc:1    | XOM: cloud trail
 24928 | Orc:1    | XOM: cleaving
 24934 | Orc:1    | Killed Rupert
 25071 | Orc:2    | XOM: scenery: create altars
 25079 | Orc:2    | XOM: fake destruction
 25157 | Orc:2    | XOM: scenery: create altars
 25204 | Orc:2    | Found a burning altar of Makhleb.
 25230 | Orc:2    | Reached skill level 17 in Axes
 25237 | Orc:2    | XOM: summons friendly quasit
 25448 | Orc:2    | XOM: silly message
 25509 | Orc:2    | Found a staircase to the Elven Halls.
 25515 | Orc:2    | XOM: cleaving
 25538 | Orc:2    | XOM: confuse monster(s)
 26181 | Orc:2    | Found Vipecing's Antique Weapon Boutique.
 26188 | Orc:2    | XOM: stat loss: -1 Int (12/13)
 26212 | Orc:2    | Found a radiant altar of Vehumet.
 26238 | Orc:2    | Noticed Nergalle
 26246 | Orc:2    | Killed Nergalle
 26247 | Orc:2    | Found an ancient bone altar of Kikubaaqudgha.
 26396 | Orc:2    | Reached XP level 15. HP: 119/119 MP: 19/19
 26401 | Orc:2    | Found a roughly hewn altar of Beogh.
 26401 | Orc:2    | Found Debref Ylips's Book Boutique.
 26542 | Orc:2    | Found Ygiucim's Distillery.
 26550 | Orc:2    | Found Xusuc's Magic Scroll Shop.
 26556 | Orc:2    | XOM: harmless Tloc miscast
 26562 | Orc:2    | Bought a scroll of teleportation for 48 gold pieces
 26562 | Orc:2    | Bought a scroll of teleportation for 48 gold pieces
 26562 | Orc:2    | Bought a scroll of teleportation for 48 gold pieces
 26562 | Orc:2    | nice. no armour pieces after lair and orcs
 26562 | Orc:2    | Bought a scroll of enchant armour for 120 gold pieces
 26759 | D:13     | XOM: summons friendly crimson imp
 26786 | D:13     | XOM: summons friendly shadow imp
 26827 | D:13     | Found a gate to the Vaults.
 27324 | D:14     | XOM: 1-stop teleportation journey
 27445 | D:14     | XOM: mild Fire miscast
 27722 | D:14     | XOM: summons 1 hostile shadow creature
 27726 | D:14     | XOM: blink monster(s)
 27959 | D:14     | Found a sacrificial altar of Ru.
 28483 | D:15     | Entered Level 15 of the Dungeon
 28491 | D:15     | XOM: summons 2 hostile demons
 28612 | D:14     | Reached skill level 18 in Axes
 28817 | D:15     | XOM: harmless Tmut miscast
 29229 | D:15     | Found a staircase to the Depths.
 29540 | D:9      | XOM is BORED!
 29540 | D:9      | XOM: medium Summ miscast
 29665 | Spider:1 | Entered Level 1 of the Spider Nest
 29804 | Spider:1 | XOM: god gift: sack of spiders {god gift}
 29986 | Spider:1 | XOM: enchant monster (good)
 30096 | Spider:1 | XOM: divination: detect creatures
 30413 | Spider:1 | XOM: polymorph redback -> lindwurm
 30468 | Spider:1 | XOM: scenery: create altars
 30968 | Spider:2 | XOM: 3-stop teleportation journey
 31035 | Spider:2 | XOM: scenery: create altars
 31189 | Spider:2 | XOM: enchant monster (good)
 31484 | Spider:2 | XOM: swap monsters
 31486 | Spider:2 | XOM: confusion (+ monsters)
 31492 | Spider:2 | XOM: polymorph tarantella -> floating eye
 31497 | Spider:2 | Paralysed by a floating eye for 3 turns
 31513 | Spider:2 | XOM: fog
 31868 | Spider:2 | XOM: harmless Ice miscast
 32520 | Spider:3 | XOM: summons 3 friendly demons
 32529 | Spider:3 | XOM: polymorph tarantella -> salamander
 32531 | Spider:3 | XOM: scenery: create altars
 32656 | Spider:2 | Identified a scroll of acquirement
 32664 | Spider:2 | ...
 32664 | Spider:2 | FU
 32976 | Spider:2 | XOM: scenery: create altars
 33071 | Spider:3 | Noticed a ghost moth
 33073 | Spider:3 | XOM: confuse monster(s)
 33081 | Spider:3 | Killed a ghost moth
 33166 | Spider:3 | Reached XP level 16. HP: 126/126 MP: 11/20
 33382 | Spider:3 | XOM: god gift: 3 javelins of returning {god gift}
 33428 | Spider:3 | XOM: scenery: create altars
 33662 | Spider:3 | Noticed Mara
 33747 | Spider:3 | XOM: blink monster(s)
 33754 | Spider:3 | XOM: confuse monster(s)
 33762 | Spider:3 | XOM: summons 2 friendly demons
 33764 | Spider:3 | XOM: god gift: blackened peridot ring {god gift}
 33775 | Spider:3 | XOM: smoke on damage
 33776 | Spider:3 | Noticed Serpenta's illusion
 33800 | Spider:3 | Reached skill level 10 in Armour
 33814 | Spider:3 | XOM: smoke on damage
 33844 | Spider:3 | XOM: harmless Summ miscast
 34076 | Spider:3 | XOM: cast spell 'Call Canine Familiar'
 34101 | Spider:3 | XOM: potion effect (heal wounds)
 34113 | Spider:3 | XOM: harmless Chrm miscast
 34342 | Spider:3 | XOM: summons friendly iron imp
 34572 | Spider:3 | XOM: fog
 34584 | Spider:3 | XOM: enchant monster (good)
 34609 | Spider:3 | XOM: enchant monster (good)
 34614 | Spider:3 | XOM: butterfly on damage
 34615 | Spider:3 | Mangled by Mara
